 Dungeon Crawl Stone Soup version 0.28.0-45-g0d030f2227 (webtiles) character file.

Game seed: 8737873627737084145

264 Icepheonix32 the Fighter (level 5, -2/53 HPs)
             Began as a Demonspawn Fighter on Apr 13, 2022.
             Slain by Grinder (5 damage)
             ... in a sewer.
             The game lasted 00:06:34 (2776 turns).

Icepheonix32 the Fighter (Demonspawn Fighter)       Turns: 2776, Time: 00:06:34

Health: -2/53      AC: 11    Str: 17 (18) XL:     5   Next: 98%
Magic:  5/5        EV:  9    Int:  6 (7)  God:
Gold:   100        SH:  9    Dex:  9 (11) Spells: 4/4 levels left

rFire   . . .      SeeInvis .   q - +3 dagger (speed)
rCold   . . .      Faith    .   c - +0 buckler
rNeg    . . .      Spirit   .   b - +0 scale mail
rPois   .          Reflect  .   (helmet restricted)
rElec   +          Harm     .   e - +0 cloak
rCorr   .          Rampage  .   (no gloves)
Will    .....                   n - +2 pair of boots
Stlth   ..........              (no amulet)
HPRegen 0.17/turn               (no ring)
MPRegen 0.18/turn               (no ring)

@: no status effects
A: antennae 1, magic regeneration, condensation shield, clumsy 1, dopey 1,
electricity resistance, wild magic 1
a: no special abilities


You were in a sewer.
You visited 1 branch of the dungeon, and saw 3 of its levels.
You also visited: Sewer.

You collected 100 gold pieces.

Inventory:

Hand Weapons
 a - a +0 long sword
 d - a +0 hand crossbow
 i - a +0 dagger of pain
 p - a +0 vorpal mace
 q - a +3 dagger of speed (weapon)
Missiles
 f - 14 poisoned darts (quivered)
 h - 5 curare-tipped darts
 m - 14 bolts
Armour
 b - a +0 scale mail (worn)
 c - a +0 buckler (worn)
 e - a +0 cloak (worn)
 n - a +2 pair of boots (worn)
Scrolls
 g - a scroll of immolation
 k - 2 scrolls of identify
Potions
 l - a potion of degeneration


   Skills:
 + Level 9.7 Fighting
 - Level 2.2(2.3) Long Blades
 + Level 1.3 Maces & Flails
 + Level 1.0 Crossbows
 + Level 3.2 Armour
 + Level 1.3 Dodging
 + Level 0.1 Stealth
 * Level 6.9 Shields


You had 4 spell levels left.
You didn't know any spells.
Your spell library contained the following spells:

 Spells                   Type           Power      Damage    Failure   Level
 Beastly Appendage        Tmut           0%         N/A       95%         1
 Wereblood                Tmut           0%         N/A       98%         2
 Spider Form              Tmut/Pois      0%         N/A       100%        3


Dungeon Overview and Level Annotations

Branches:
Dungeon (3/15)              Sewer (1/1)

Altars:

Annotations:
Sewer Grinder


Innate Abilities, Weirdness & Mutations

You have a pair of small antennae on your head.
You regenerate magic rapidly.
A meltable shield of frost defends you. (SH +4)
You are clumsy. (Dex -2)
You are dopey. (Int -2)
You are resistant to electric shocks. (rElec)
Your spells are a little harder to cast, but a little more powerful.


Message History

* * * LOW HITPOINT WARNING * * *
Unknown command.
Unknown command.
You hit Grinder.
Grinder is heavily wounded.
Unknown command.
You closely miss Grinder.
Grinder is heavily wounded.
Grinder gestures at you. You resist with significant effort.
Unknown command.
You closely miss Grinder.
Grinder is heavily wounded.
Grinder gestures at you. Pain shoots through your body!
* * * LOW HITPOINT WARNING * * *
Unknown command.
You closely miss Grinder.
Grinder is heavily wounded.
Unknown command.
You closely miss Grinder.
Grinder is heavily wounded.
You block Grinder's attack.
Unknown command.
You hit Grinder.
Grinder is heavily wounded.
Grinder gestures at you.
You barely resist.
Unknown command.
You hit Grinder.
Grinder is severely wounded.
Unknown command.
You hit Grinder.
Grinder is severely wounded.
Grinder barely misses you.
Unknown command.
You hit Grinder.
Grinder is severely wounded.
Grinder hits you.
You die...

######### ### .#≈≈≈≈≈≈≈ ≈≈#
..≈≈≈≈≈≈≈ ≈≈# .#≈≈≈≈≈≈≈
≈≈##≈...≈#
.##################≈###≈...≈# .#
≈≈≈≈≈≈≈.5.5≈##≈..(≈#
.#≈≈≈≈≈≈≈≈≈≈≈≈≈.@#.≈≈##≈...≈#
.#≈≈≈≈≈≈≈≈≈≈≈≈≈≈.#.≈≈##≈...≈#
.#≈≈≈≈≈≈≈≈≈≈≈≈≈≈.#.≈≈# ≈...≈#
.#≈≈≈≈≈≈≈≈≈≈≈≈≈..#.5≈###'''## .#
≈≈≈≈≈≈≈≈≈≈....#.≈≈##.....## #
.####≈#≈≈###≈#.####.###..§...#≈≈
.#............(≈≈#..5#.....§.'..
..)....)).....≈≈≈≈...'.§._...'..
.#.....))...(..≈≈#...#.....§.'..


You could see Grinder and a shadow imp.

Vanquished Creatures
  A quasit (Sewer)
  An adder (D:2)
  A river rat (D:3)
  3 ufetubi (Sewer)
  A worm (D:3)
  A dart slug (D:2)
  5 orcs
  3 ball pythons
  3 endoplasms
  3 giant cockroaches
  4 goblins (D:1)
  2 hobgoblins
  3 jackals (D:1)
  22 kobolds
  3 bats
  A kobold zombie (Sewer)
  A quokka skeleton (D:3)
  7 rats
65 creatures vanquished.

Vanquished Creatures (others)
  An endoplasm (Sewer)
1 creature vanquished.

Grand Total: 66 creatures vanquished

Notes
Turn   | Place    | Note
-------+----------+-------------------------------------------
     0 | D:1      | Icepheonix32 the Demonspawn Fighter began the quest for the
                  | Orb.
     0 | D:1      | Reached XP level 1. HP: 18/18 MP: 1/1
   199 | D:1      | Found a faded altar of an unknown god.
   312 | D:1      | Gained mutation: You regenerate magic rapidly. [demonic
                  | ancestry]
   312 | D:1      | Reached XP level 2. HP: 16/24 MP: 2/2
  1506 | D:2      | Reached skill level 1 in Dodging
  1506 | D:2      | Gained mutation: A meltable shield of frost defends you.
                  | (SH +4) [demonic ancestry]
  1506 | D:2      | Reached XP level 3. HP: 19/29 MP: 3/3
  2094 | D:3      | Found a glowing drain.
  2119 | D:3      | Gained mutation: You are dopey. (Int -2) [potion of
                  | mutation]
  2119 | D:3      | Gained mutation: You are resistant to electric shocks.
                  | (rElec) [potion of mutation]
  2119 | D:3      | Gained mutation: You are clumsy. (Dex -2) [potion of
                  | mutation]
  2119 | D:3      | Gained mutation: Your spells are a little harder to cast,
                  | but a little more powerful. [potion of mutation]
  2126 | D:3      | Reached skill level 1 in Maces & Flails
  2126 | D:3      | Reached XP level 4. HP: 6/35 MP: 4/4
  2140 | Sewer    | Entered a sewer
  2684 | Sewer    | Reached skill level 1 in Crossbows
  2693 | Sewer    | Found a burning altar of Makhleb.
  2716 | Sewer    | Noticed Grinder
  2720 | Sewer    | Reached skill level 9 in Fighting
  2720 | Sewer    | Gained mutation: You have a pair of small antennae on your
                  | head. [demonic ancestry]
  2720 | Sewer    | Reached XP level 5. HP: 43/53 MP: 5/5
  2726 | Sewer    | Paralysed by something for 5 turns
  2770 | Sewer    | HP: 2/53 [Grinder/nerve-wracking pain (5)]
  2776 | Sewer    | Slain by Grinder

Illustrated notes

Levels and vault maps discovered:
D:1:      nagdon_arrival_double_spiral, layout_basic,
          hellmonk_ecumenical_altar_slurped_away
D:2:      layout_loops_ring, kennysheep_donut, st_stairs_14,
          minmay_misc_feat_square
D:3:      layout_basic, ebering_ghost_rock_garden, portal_sewer_entry_c
Sewer:    kennysheep_sewer_church

Skill      XL: |  1  2  3  4 |
---------------+-------------+-----
Long Blades    | 2 |  2.2
Shields        | 3 6 |  6.9
Dodging        | 1 |  1.3
Armour         | 3 |  3.2
Maces & Flails | 1 |  1.3
Crossbows      | 1 |  1.0
Fighting       | 9 |  9.7
Stealth        | |  0.1

Action                   |  1- 3 |  4- 6 || total
-------------------------+-------+-------++-------
Melee: Long sword        |    62 |       ||    62
       Mace              |    58 |    28 ||    86
       Dagger            |       |    65 ||    65
 Fire: Hand crossbow     |       |    33 ||    33
Throw: Dart              |     2 |       ||     2
  Use: Potion            |     3 |     1 ||     4
       Scroll            |     3 |     3 ||     6
Armor: Scale mail        |    75 |    74 ||   149
Dodge: Dodged            |    59 |    41 ||   100
Block: Buckler           |    60 |    53 ||   113
